details: '1'

« prev index next »

General information

Mini Map

Players

team 1
UndeadMaSiWei (pink | 196 APM | 2286 actions | 11:40)
Hero icon 4 Death Knight
Ability icon 2 Death Coil
Ability icon 2 Unholy Aura
Hero icon 2 Lich
Ability icon 1 Frost Nova
Ability icon 1 Frost Armor

» actions
Assign group hotkey29
Basic commands174
Build / train27
ESC pressed2
Enter build submenu12
Enter hero's abilities submenu6
Right click1081
Select / deselect356
Select group hotkey547
Use ability52
2286 total
» units
Acolyte2
Ghoul2
Crypt Fiend6
Gargoyle1
Obsidian Statue2
13 total
» upgrades
Creature Attack1
Burrow1
2 total
» buildings
Graveyard1
Crypt1
Altar of Darkness1
Ziggurat4
Tomb of Relics1
Nerubian Tower1
Halls of the Dead1
Slaughterhouse1
Black Citadel1
12 total
» build order
00:06 Graveyard
00:10 Crypt
00:41 Altar of Darkness
00:56 Ziggurat
01:22 Tomb of Relics
01:59 Ziggurat
02:10 Nerubian Tower
03:58 Halls of the Dead
04:38 Ziggurat
06:53 Slaughterhouse
07:18 Ziggurat
09:59 Black Citadel
» items
Rod of Necromancy1
1 total
team 2
Random» UndeadAWARENESS (purple | 103 APM | 1205 actions | 11:39)
Hero icon 2 Death Knight
Ability icon 1 Death Coil
Ability icon 1 Unholy Aura
Hero icon 1 Lich
Ability icon 1 Frost Nova

» actions
Assign group hotkey11
Basic commands55
Build / train42
ESC pressed5
Enter build submenu18
Enter hero's abilities submenu3
Give item / drop item1
Right click742
Select / deselect280
Select group hotkey8
Use ability40
1205 total
» units
Acolyte6
Ghoul15
Crypt Fiend1
22 total
» upgrades
Cannibalize1
Unholy Strength1
Unholy Armor1
3 total
» buildings
Ziggurat6
Crypt1
Altar of Darkness1
Tomb of Relics1
Halls of the Dead2
Graveyard2
Nerubian Tower1
Black Citadel2
16 total
» build order
00:32 Ziggurat
00:47 Crypt
01:08 Altar of Darkness
01:28 Ziggurat
02:37 Tomb of Relics
03:22 Halls of the Dead
03:22 Halls of the Dead
03:58 Ziggurat
04:06 Ziggurat
04:36 Graveyard
05:57 Nerubian Tower
07:09 Black Citadel
07:09 Black Citadel
07:58 Ziggurat
10:43 Ziggurat
10:46 Graveyard
» items
Rod of Necromancy4
Potion of Healing2
Dust of Appearance1
7 total